 Dungeon Crawl Stone Soup version 0.22-a0-21-g9421e3f (webtiles) character file.

378 esteth the Conjurer (level 6, -5/32 HPs)
             Began as a Deep Elf Conjurer on Jan 2, 2018.
             Slain by an ogre
             ... wielding a +0 giant spiked club
              (30 damage)
             ... on level 4 of the Dungeon.
             The game lasted 00:07:56 (3772 turns).

esteth the Conjurer (Deep Elf Conjurer)             Turns: 3772, Time: 00:07:58

Health: -5/32      AC:  3    Str:  5    XL:     6   Next: 45%
Magic:  15/17      EV: 13    Int: 22    God:
Gold:   202        SH:  0    Dex: 15    Spells: 12/17 levels left

rFire    . . .     SeeInvis .   i - +0 rapier
rCold    . . .     Gourm    .   (no shield)
rNeg     . . .     Faith    .   a - +0 robe
rPois    .         Spirit   .   (no helmet)
rElec    .         Reflect  .   (no cloak)
rCorr    .         Harm     .   (no gloves)
MR       .....                  h - +0 pair of boots
Stlth    ++........             (no amulet)
HPRegen  0.10/turn              (no ring)
MPRegen  0.15/turn              (no ring)

@: no status effects
A: no striking features
a: no special abilities


You were on level 4 of the Dungeon.
You were not hungry.

You visited 1 branch of the dungeon, and saw 4 of its levels.

You collected 202 gold pieces.

Inventory:

Hand Weapons
 i - a +0 rapier (weapon)
Armour
 a - a +0 robe (worn)
 h - a +0 pair of boots (worn)
Jewellery
 p - an uncursed ring of protection from magic {unknown}
Wands
 d - a wand of digging (16)
 q - a wand of paralysis (14)
Scrolls
 f - 2 scrolls of fog {unknown}
 g - 2 scrolls of enchant weapon {unknown}
 m - a scroll of random uselessness {unknown}
 n - a scroll of identify {unknown}
 o - 2 scrolls of remove curse {unknown}
 s - a scroll of amnesia {unknown}
Potions
 e - a potion of magic
 j - 2 potions of might {unknown}
 k - a potion of berserk rage {unknown}
 l - a potion of invisibility {unknown}
Books
 b - a book of Conjurations

   Spells                             Type                      Level
   a - Magic Dart                     Conjuration                  1
   b - Searing Ray                    Conjuration                  2
   c - Dazzling Spray                 Conjuration/Hexes            3
   d - Fulminant Prism                Conjuration/Hexes            4
   e - Force Lance                    Conjuration/Translocation    4
   f - Iskenderun's Mystic Blast      Conjuration                  4
Comestibles
 c - 4 rations
 r - 4 chunks of flesh


   Skills:
 - Level 2.4 Dodging
 - Level 2.4 Stealth
 + Level 6.2 Spellcasting
 + Level 6.3 Conjurations
 + Level 3.7 Hexes


You had 12 spell levels left.
You knew the following spells:

 Your Spells              Type           Power        Failure   Level  Hunger
a - Magic Dart            Conj           ####         1%          1    None
b - Fulminant Prism       Conj/Hex       ####......   11%         4    ###....


Dungeon Overview and Level Annotations

Branches:
Dungeon (4/15)
 Temple: D:4-7

Altars:
Okawaru
Wu Jian

Shops:
D:4 *


Message History

The ogre shouts!
The ogre hits you with a giant spiked club!
An adder comes into view.
Casting: Magic Dart
Confirm with . or Enter, or press ? or * to list all spells.
Aiming: Magic Dart
Press: ? - help, Shift-Dir - straight line, f - ogre
Aim: an ogre, wielding a giant spiked club The magic dart hits the ogre.
The ogre is lightly wounded.
Casting: Magic Dart
Confirm with . or Enter, or press ? or * to list all spells.
Aiming: Magic Dart
Press: ? - help, Shift-Dir - straight line, f/p - ogre
Aim: an ogre, wielding a giant spiked club (lightly wounded)
The magic dart hits the ogre.
The ogre is moderately wounded.
The ogre hits you with a giant spiked club!!
Ouch! That really hurt!
You die...

#....#).....#
##.#...###.>.#
#.##.###.# #.
#.##.# ..
#.##.##..
#.....#.# ####
####..#.# .
....
#..#O##....
####
#..@....S.. #
#.##....### #
#.# ..### #..
.... ### ..#.#
...## #.#. .##


You could see an ogre and an adder.

Vanquished Creatures
  An ogre (D:4)
  2 orc priests (D:3)
  Jessica (D:2)
  An iguana (D:2)
  An orc wizard (D:3)
  A hound skeleton (D:4)
  7 adders (D:2)
  2 worms (D:2)
  2 dart slugs (D:1)
  5 leopard geckos
  An orc (D:3)
  5 bats
  5 giant cockroaches
  6 goblins
  8 hobgoblins
  6 jackals
  10 kobolds
  3 quokkas (D:3)
  5 frilled lizards
  6 rats
78 creatures vanquished.

Vanquished Creatures (others)
  2 fulminant prisms
  4 toadstools (D:1)
6 creatures vanquished.

Grand Total: 84 creatures vanquished

Notes
Turn   | Place    | Note
-------+----------+-------------------------------------------
     0 | D:1      | esteth the Deep Elf Conjurer began the quest for the Orb.
     0 | D:1      | Reached XP level 1. HP: 10/10 MP: 6/6
   210 | D:1      | Reached XP level 2. HP: 15/15 MP: 3/8
   687 | D:1      | Reached XP level 3. HP: 19/19 MP: 3/10
   690 | D:1      | Reached skill level 5 in Conjurations
  1373 | D:2      | Reached XP level 4. HP: 19/24 MP: 7/12
  1430 | D:2      | Learned a level 4 spell: Fulminant Prism
  1447 | D:2      | Noticed Jessica
  1451 | D:2      | Killed Jessica
  1451 | D:2      | Reached skill level 1 in Hexes
  1590 | D:2      | Reached skill level 5 in Spellcasting
  1740 | D:2      | Reached XP level 5. HP: 28/28 MP: 10/14
  2592 | D:3      | Reached XP level 6. HP: 22/32 MP: 6/16
  2759 | D:3      | Found an iron altar of Okawaru.
  3271 | D:3      | Found an ornate altar of the Wu Jian Council.
  3645 | D:4      | Found Bezygit's General Store.
  3772 | D:4      | Slain by an ogre

Vault maps used:
D:1:      ldierk_water_garden
D:2:      kennysheep_six_static_rooms, moated_statue, uniq_jessica
D:3:      lemuel_doored_altar, lemuel_crystal_altar, dk_vineyard_1,
          kennysheep_another_room
D:4:      first_ration, serial_shops, shop_fountains, shop, kennysheep_mini,
          uniq_eustachio

Skill      XL: |  1  2  3  4  5  6 |
---------------+-------------------+-----
Spellcasting   | 4 5 6 |  6.2
Conjurations   | 5 6 |  6.3
Hexes          | 2 3 |  3.7
Dodging        | |  2.4
Stealth        | |  2.4

Action                   |  1- 3 |  4- 6 || total
-------------------------+-------+-------++-------
Melee: Unarmed           |     4 |       ||     4
 Cast: Magic Dart        |    78 |    97 ||   175
       Fulminant Prism   |       |     2 ||     2
  Use: Potion            |     2 |       ||     2
  Eat: Chunk             |     1 |     5 ||     6
       Ration            |       |     1 ||     1
Armor: Robe              |     3 |     2 ||     5
Dodge: Dodged            |    17 |    18 ||    35

Table legend:
 A = Spawn XP
 B = Non-spawn XP
 C = Spawn XP percentage of total XP
 D = Spawn monster count
 E = Non-spawn monster count
 F = Spawn count percentage of total count
 G = Total turns spent on level
                    A         B        C        D         E        F      G
               +---------+---------+-------+---------+---------+-------+---------
         Total |       0 |     541 |   0.0 |       0 |      78 |   0.0 |  3772
               +---------+---------+-------+---------+---------+-------+---------
           D:1 |       0 |      60 |   0.0 |       0 |      33 |   0.0 |  1165
           D:2 |       0 |     209 |   0.0 |       0 |      29 |   0.0 |  1422
           D:3 |       0 |     134 |   0.0 |       0 |      12 |   0.0 |  1047
           D:4 |       0 |     138 |   0.0 |       0 |       4 |   0.0 |   138
               +---------+---------+-------+---------+---------+-------+---------
